 Dungeon Crawl Stone Soup version 0.22-a0-609-gfedc9ff (webtiles) character file.

14 thelius the Grave Robber (level 2, -2/15 HPs)
             Began as a Deep Elf Necromancer on July 10, 2018.
             Slain by a jackal (3 damage)
             ... on level 1 of the Dungeon.
             The game lasted 00:10:04 (392 turns).

thelius the Grave Robber (Deep Elf Necromancer)      Turns: 392, Time: 00:10:04

Health: -2/15      AC:  3    Str:  5    XL:     2   Next: 27%
Magic:  4/8        EV: 13    Int: 19    God:
Gold:   29         SH:  0    Dex: 15    Spells: 6/7 levels left

rFire    . . .     SeeInvis .   d - +0 whip
rCold    . . .     Gourm    .   (no shield)
rNeg     . . .     Faith    .   a - +1 robe
rPois    .         Spirit   .   (no helmet)
rElec    .         Reflect  .   (no cloak)
rCorr    .         Harm     .   (no gloves)
MR       .....                  (no boots)
Stlth    ++........             (no amulet)
HPRegen  0.05/turn              (no ring)
MPRegen  0.11/turn              (no ring)

@: no status effects
A: no striking features
a: no special abilities


You were on level 1 of the Dungeon.
You were not hungry.

You visited 1 branch of the dungeon, and saw 1 of its levels.

You collected 29 gold pieces.

Inventory:

Hand Weapons
 d - a +0 whip (weapon)
 f - a +0 club
 g - a +0 dagger
Missiles
 b - 25 bolts
 e - 24 arrows
Armour
 a - a +1 robe (worn)
Comestibles
 c - 2 rations


   Skills:
 + Level 2.4 Dodging
 + Level 2.4 Stealth
 + Level 3.2 Spellcasting
 + Level 5.4 Necromancy


You had 6 spell levels left.
You knew the following spells:

 Your Spells              Type           Power        Failure   Level  Hunger
a - Pain                  Necr           ###.         1%          1    None

Your spell library contained the following spells:

 Spells                   Type           Power        Failure   Level  Hunger
 Animate Dead             Necr           N/A          16%         4    ####...
 Animate Skeleton         Necr           N/A          1%          1    None
 Vampiric Draining        Necr           ###.......   4%          3    ###....
 Regeneration             Chrm/Necr      ##........   14%         3    ###....


Dungeon Overview and Level Annotations

Branches:
Dungeon (1/15)

Altars:


Message History

* * * LOW HITPOINT WARNING * * *
The jackal completely misses you. The jackal bites you.
* * * LOW HITPOINT WARNING * * *
Casting: Pain (safe; 1% risk of failure)
Confirm with . or Enter, or press ? or * to list all spells.
Okay, then.
You barely miss the jackal.
The jackal is heavily wounded.
The jackal bites you.
* * * LOW HITPOINT WARNING * * *
The jackal bites you but does no damage.
Casting: Pain (safe; 1% risk of failure)
Confirm with . or Enter, or press ? or * to list all spells.
Aiming: Pain (safe; 1% risk of failure)
Press: ? - help, Shift-Dir - straight line, f - jackal
Aim: a jackal (heavily wounded, chance to defeat MR: 92%)
The jackal writhes in agony!
You kill the jackal!
The jackal bites you.
You die...

#.##.... .... ##.##.#.
## #. .... ...... . .. #
#.##h# .#.##. ###
#.##.##...... #..
###...h.....##. ...#
#..............
#.####.###.###. #.#
#rh@# #.# ###.# # #.#
#.# .# #.# #.# #.##
####.# #.# ...## #....#
#.# ...... #.#.........#
###.....#
#.#.############........
#.#.# #...# ###


You could see a jackal and a rat.

Vanquished Creatures
  2 leopard geckos (D:1)
  A hobgoblin (D:1)
  2 jackals (D:1)
  2 kobolds (D:1)
  A ball python (D:1)
  A bat (D:1)
  2 rats (D:1)
11 creatures vanquished.

Notes
Turn   | Place    | Note
-------+----------+-------------------------------------------
     0 | D:1      | thelius the Deep Elf Necromancer began the quest for the Orb.
     0 | D:1      | Reached XP level 1. HP: 10/10 MP: 6/6
    79 | D:1      | Reached skill level 5 in Necromancy
   345 | D:1      | Reached XP level 2. HP: 9/15 MP: 6/8
   392 | D:1      | Slain by a jackal

Vault maps used:
D:1:      evilmike_arrival_hilbert_curve

Skill      XL: |  1 |
---------------+----+-----
Necromancy     | 5 |  5.4
Dodging        | |  2.4
Stealth        | |  2.4
Spellcasting   | |  3.2

Action                   || total
-------------------------++-------
Melee: Whip              ||    12
       Unarmed           ||     1
 Cast: Pain              ||    16
  Use: Scroll            ||     2
Armor: Robe              ||     9
Dodge: Dodged            ||    22

Table legend:
 A = Spawn XP
 B = Non-spawn XP
 C = Spawn XP percentage of total XP
 D = Spawn monster count
 E = Non-spawn monster count
 F = Spawn count percentage of total count
 G = Total turns spent on level
                    A         B        C        D         E        F      G
               +---------+---------+-------+---------+---------+-------+---------
         Total |       0 |      20 |   0.0 |       0 |      11 |   0.0 |   392
               +---------+---------+-------+---------+---------+-------+---------
           D:1 |       0 |      20 |   0.0 |       0 |      11 |   0.0 |   392
               +---------+---------+-------+---------+---------+-------+---------
